 Dungeon Crawl Stone Soup version 0.25.1-8-g42b30a86e7 (webtiles) character file.

Game seed: 5376819738593235247

212148 gruber the Gelid (level 18, -21/116 HPs)
             Began as an Octopode Ice Elementalist on Dec 12, 2020.
             Was a High Priest of Vehumet.
             Demolished by a spriggan defender
             ... wielding a +1 demon whip of electrocution
             ... led by the Enchantress
              (32 damage)
             ... on level 1 of the Depths.
             The game lasted 01:20:05 (53721 turns).

gruber the Gelid (Octopode Ice Elementalist)       Turns: 53721, Time: 01:20:06

Health: -21/116    AC:  7    Str: 26    XL:     18   Next: 91%
Magic:  33/36      EV: 19    Int: 33    God:    Vehumet [*****.]
Gold:   2919       SH:  0    Dex: 25    Spells: 13/45 levels left

rFire    + + .     SeeInvis .   n - +10 hand axe of Jaikuot {elec, rPois Str+3}
rCold    + + +     Gourm    .   W - +0 kite shield {rF+}
rNeg     . . .     Faith    .   F - +2 hat {Int+3}
rPois    +         Spirit   .   H - amulet of magic regeneration
rElec    .         Reflect  .   h - +6 ring of dexterity
rCorr    +         Harm     .   Y - ring of protection from cold
MR       +....                  c - ring of resist corrosion
Stlth    ++++......             R - +4 ring of protection
HPRegen  0.29/turn              w - +6 ring of strength
MPRegen  0.50/turn              d - ring of Tomme {rF+ rC+ Str+3 Stlth+}
                                E - ring "Jecehooly" {rC+ Int+6 Dex+6 Stlth-}
                                r - +6 ring of strength

@: confused, no potions
A: almost no armour, stealthy swim, amphibious, 8 rings, constrict 8, camouflage
1, gelatinous body 1
}: 1/15 runes: barnacled
a: Renounce Religion


You were on level 1 of the Depths.
You worshipped Vehumet.
Vehumet was extremely pleased with you.
You were not hungry.

You visited 8 branches of the dungeon, and saw 34 of its levels.
You also visited: Ice Cave and Volcano.

You collected 3024 gold pieces.
You spent 105 gold pieces at shops.

Inventory:

Hand Weapons
 n - the +10 hand axe of Jaikuot (weapon) {elec, rPois Str+3}
   (You found it on level 4 of the Shoals)

   Occasionally, upon striking a foe, it will discharge some electrical energy
   and cause terrible harm.
   It affects your strength (+3).
   It protects you from poison.
 G - a +8 broad axe
Missiles
 y - 16 curare-tipped darts
 A - 73 javelins (quivered)
 C - 11 silver javelins
Armour
 F - a +2 hat of intelligence (worn)
 W - a +0 kite shield of fire resistance (worn)
Jewellery
 c - a ring of resist corrosion (on tentacle)
 d - the ring of Tomme (on tentacle) {rF+ rC+ Str+3 Stlth+}
   (You acquired it on level 5 of the Lair of Beasts)

   [ring of protection from fire]

   It affects your strength (+3).
   It protects you from fire.
   It protects you from cold.
   It makes you more stealthy.
 h - a +6 ring of dexterity (left tentacle)
 r - a +6 ring of strength (on tentacle)
 w - a +6 ring of strength (on tentacle)
 E - the ring "Jecehooly" (on tentacle) {rC+ Int+6 Dex+6 Stlth-}
   (You acquired it on level 5 of the Lair of Beasts)

   [ring of intelligence]

   It affects your intelligence (+6).
   It affects your dexterity (+6).
   It protects you from cold.
   It makes you less stealthy.
 H - an amulet of magic regeneration (around mantle)
 R - a +4 ring of protection (on tentacle)
 Y - a ring of protection from cold (right tentacle)
Wands
 p - a wand of acid (8)
 t - a wand of paralysis (21)
 z - a wand of random effects (25)
 B - a wand of iceblast (39)
 M - a wand of enslavement (10)
 V - a wand of flame (97)
 X - a wand of digging (10)
Scrolls
 a - 8 scrolls of identify
 k - 6 scrolls of fog
 l - a scroll of enchant weapon
 m - 12 scrolls of teleportation
 s - 3 scrolls of amnesia
 u - 8 scrolls of remove curse
 D - 2 scrolls of silence
 J - a scroll of holy word
 L - 2 scrolls of blinking
Potions
 e - 13 potions of curing
 f - 4 potions of brilliance
 g - 8 potions of heal wounds
 i - 4 potions of invisibility
 j - 5 potions of berserk rage
 o - 4 potions of haste
 q - 6 potions of resistance
 v - 4 potions of cancellation
 x - 2 potions of stabbing
 I - a potion of lignification
 N - 3 potions of flight
 O - 2 potions of magic
 P - 2 potions of ambrosia
 Q - 3 potions of might
Miscellaneous
 U - a phial of floods
 Z - a lightning rod (4/4)
Comestibles
 b - 34 rations
 K - 10 chunks of flesh


   Skills:
 - Level 8.1 Fighting
   Level 3.3 Short Blades
 - Level 6.0 Axes
 - Level 7.0 Dodging
 - Level 15.3 Stealth
 - Level 12.0 Shields
 - Level 14.1 Spellcasting
 - Level 5.4 Conjurations
 - Level 3.2 Charms
 - Level 3.2 Summonings
 - Level 3.6 Fire Magic
 * Level 18.1 Ice Magic
 - Level 9.2 Earth Magic


You had 13 spell levels left.
You knew the following spells:

 Your Spells              Type           Power        Failure   Level  Hunger
a - Freeze                Ice            ####         0%          1    None
b - Frozen Ramparts       Ice            ######       0%          3    None
c - Hailstorm             Conj/Ice       #######.     1%          4    None
d - Summon Ice Beast      Ice/Summ       #######.     1%          4    None
e - Ozocubu's Armour      Chrm/Ice       #######.     1%          3    None
g - Bolt of Magma         Conj/Fire/Erth ######....   1%          5    None
h - Ozocubu's Refrigerat  Ice            #######...   1%          6    ###....
i - Iron Shot             Conj/Erth      ######....   5%          6    ###....

Your spell library contained the following spells:

 Spells                   Type           Power        Failure   Level  Hunger
 Absolute Zero            Ice            #######...   38%         9    #######
 Lehudib's Crystal Spear  Conj/Erth      ######....   88%         8    ######.
 Fire Storm               Conj/Fire      ######....   100%        9    #######
 Infusion                 Chrm           ####         1%          1    None
 Magic Dart               Conj           ####         1%          1    None
 Shock                    Conj/Air       ####         1%          1    None
 Searing Ray              Conj           ######       1%          2    None
 Song of Slaying          Chrm           #####...     1%          2    None
 Dazzling Flash           Conj/Hex       #####.       1%          3    None
 Static Discharge         Conj/Air       #####...     1%          3    None
 Pain                     Necr           ###.         2%          1    None
 Shroud of Golubria       Chrm/Tloc      ####..       2%          2    None
 Swiftness                Chrm/Air       ####....     2%          2    None
 Fulminant Prism          Conj/Hex       #####.....   2%          4    None
 Iskenderun's Mystic Bla  Conj/Tloc      #####...     2%          4    None
 Corpse Rot               Necr/Air       N/A          4%          2    None
 Sublimation of Blood     Necr           ###.......   4%          2    None
 Recall                   Summ/Tloc      N/A          4%          3    None
 Spectral Weapon          Hex/Chrm       ####....     4%          3    None
 Leda's Liquefaction      Hex/Erth       ######....   4%          4    None
 Freezing Cloud           Conj/Ice/Air   ######....   4%          6    ###....
 Airstrike                Air            ###.......   7%          4    None
 Irradiate                Conj/Tmut      #####.....   7%          5    None
 Lightning Bolt           Conj/Air       #####.....   7%          5    None
 Simulacrum               Ice/Necr       ######....   10%         6    ###....
 Summon Lightning Spire   Summ/Air       ####....     14%         4    None
 Aura of Abjuration       Summ           #####.....   21%         5    None
 Summon Demon             Summ           #####.....   21%         5    None
 Conjure Ball Lightning   Conj/Air       #####.....   32%         6    ###....
 Excruciating Wounds      Chrm/Necr      ####......   36%         5    None
 Summon Forest            Summ/Tloc      ####......   36%         5    None
 Summon Mana Viper        Hex/Summ       ####....     36%         5    None
 Silence                  Hex/Air        ###.......   58%         5    None
 Shadow Creatures         Summ           N/A          73%         6    ###....
 Death Channel            Necr           ###.......   99%         6    ###....
 Tornado                  Air            ###.......   100%        9    #######


Dungeon Overview and Level Annotations

Branches:
Dungeon (15/15)            Temple (1/1) D:5            Lair (6/6) D:8
 Shoals (4/4) Lair:3       Spider (4/4) Lair:2        Slime (0/5) Lair:5
    Orc (2/2) D:9             Elf (0/3) Orc:2        Vaults (1/5) D:14
 Depths (1/5) D:15          IceCv (visited)         Volcano (visited)

Altars:
Cheibriados
Elyvilon
Hepliaklqana
Kikubaaqudgha
Nemelex Xobeh
Okawaru
Ru
Trog
Uskayaw
Vehumet
Xom
Yredelemnul
Zin
The Shining One
Jiyva

Shops:
D:9 [   Orc:2 *[:(   Shoals:4 %

Annotations:
D:10 2 runed translucent doors, okrk's ghost, novice MiFi
Spider:1 Roxanne
Depths:1 the Enchantress


Innate Abilities, Weirdness & Mutations

You cannot wear most types of armour.
You are very stealthy in the water. (Stealth+)
You are amphibious.
You can wear up to eight rings at the same time.
You can use your tentacles to constrict eight enemies at once.
Your skin changes colour to match your surroundings (Stealth+).
Your rubbery body absorbs attacks. (AC +1, EV +1)


Message History

The spriggan defender hits you with a +1 demon whip of electrocution!!
You are electrocuted!
The spriggan defender hits you with a +1 demon whip of flaming!!
* * * LOW HITPOINT WARNING * * *
The spriggan defender burns you.
* * * LOW HITPOINT WARNING * * *
A spriggan comes into view. It is wielding a +1 dagger of draining.
The spriggan defender misses you.
The spriggan defender hits you with a +1 demon whip of flaming!
* * * LOW HITPOINT WARNING * * *
The Enchantress gestures wildly while chanting.
You are more confused.
There is an open door, spattered with blood here.
Unknown command.
Unknown command.
Unknown command.
Unknown command.
Unknown command.
The spriggan defender hits you with a +1 demon whip of electrocution!!
You die...

####.......#
#.......#
#.......#
##.######
#....##
####..# ##.#
###'##
#..@.#
#..ii####
#....iii#
+....##.#
#....# )#
#....# .i
##+### ###


You could see the Enchantress (repels missiles), 2 spriggan defenders and a
spriggan.

Vanquished Creatures
  A kraken (Shoals:3)
  Ilsuiw (Shoals:3)
  Agnes (Spider:3)
  Kirke (Lair:6)
  An orc warlord (Orc:2)
  4 emperor scorpions
  A spriggan defender (Depths:1)
  An entropy weaver (Spider:4)
  An ettin (Orc:1)
  5 merfolk javelineers
  A spark wasp (Spider:4)
  9 merfolk impalers
  2 blizzard demons (IceCv)
  A vault guard (D:14)
  3 hydras
  An ice dragon (D:15)
  6 centaur warriors
  2 merfolk aquamancers (Shoals:4)
  A death knight (D:15)
  6 merfolk avatars
  A spriggan air mage (Depths:1)
  A catoblepas (Lair:4)
  5 two-headed ogres
  2 satyrs (Shoals:4)
  5 tengu warriors
  4 death yaks
  9 orc high priests
  A sun demon (Volcano)
  A deep troll earth mage (Depths:1)
  A hell knight (Volcano)
  A fire crab (D:15)
  3 skeletal warriors
  12 sea snakes
  A flayed ghost (D:15)
  5 deep trolls (Depths:1)
  A phantasmal warrior (D:14)
  A sphinx zombie (D:15)
  13 orc knights
  A necromancer (D:15)
  13 orb spiders
  8 harpies
  3 deep elf magi
  22 wolf spiders
  2 moths of wrath
  7 fauns
  7 orc sorcerers
  4 slime creatures (D:12)
  25 manticores
  An oklob plant (Shoals:2)
  3 cyclopes
  7 ugly things
  A moth of wrath (shapeshifter) (D:15)
  3 black mambas
  8 merfolk sirens
  2 elephants (Lair:5)
  5 water nymphs
  A fire giant skeleton (D:15)
  An ice statue (IceCv)
  A stone giant skeleton (D:15)
  2 gargoyles
  Joseph (D:8)
  21 spiny frogs
  A torpor snail (Spider:1)
  3 centaur skeletons
  A kobold demonologist (D:11)
  A rime drake (Lair:6)
  3 demonic crawlers
  6 komodo dragons
  An efreet (D:13)
  4 golden dragon simulacra (IceCv)
  9 freezing wraiths
  7 ice devils (IceCv)
  4 anaconda simulacra (IceCv)
  15 merfolk
  A red devil (Volcano)
  A tengu conjurer (D:15)
  4 trolls
  2 wind drakes (Shoals:4)
  3 meliai (Spider:2)
  A polar bear (Lair:4)
  A queen bee (D:13)
  2 hornets
  29 jumping spiders
  A queen bee (shapeshifter) (D:15)
  2 wolf spider simulacra
  2 tyrant leeches (Lair:6)
  8 hippogriffs
  A blink frog (shapeshifter) (D:13)
  An ettin zombie (D:15)
  8 snapping turtles
  3 dream sheep (Shoals:3)
  Sigmund (D:5)
  15 blink frogs
  31 tarantellas
  56 redbacks
  2 wraiths
  4 centaur simulacra
  2 basilisks
  30 yaks
  A hog (Lair:6)
  2 wyverns
  10 humans (D:14)
  A water elemental (Shoals:4)
  A fire bat (shapeshifter) (D:15)
  A hungry ghost (D:14)
  10 vampire mosquitoes
  An iron troll simulacrum (IceCv)
  2 death yak simulacra (IceCv)
  6 harpy simulacra (IceCv)
  4 hydra simulacra (IceCv)
  2 soldier ants
  7 wargs
  10 water moccasins
  4 porcupines
  A hell hound (Volcano)
  42 orc warriors
  An eye of draining (shapeshifter) (D:14)
  A necrophage (D:11)
  5 sky beasts
  A phantom (D:12)
  4 boggarts (Lair:4)
  12 ogres
  16 wolves
  22 centaurs
  18 crocodiles
  18 bullfrogs
  A big kobold (D:10)
  Blork the orc (D:6)
  2 scorpions
  A wyvern skeleton (D:11)
  A water moccasin zombie (D:11)
  21 killer bees
  4 wights (D:11)
  4 electric eels
  7 howler monkeys
  4 centaur zombies
  6 crimson imps
  3 jellies
  2 bullfrog zombies
  4 hounds
  8 draconian simulacra (IceCv)
  25 orc priests
  2 bullfrog skeletons
  32 orc wizards
  9 worker ants
  Ijyb (D:3)
  2 iguanas
  2 troll simulacra (IceCv)
  A spriggan simulacrum (IceCv)
  2 howler monkey zombies
  2 hound skeletons
  2 worker ant zombies
  3 gnolls (D:4)
  An ogre simulacrum (IceCv)
  13 adders
  3 naga simulacra (IceCv)
  3 shadow imps
  5 white imps (IceCv)
  3 ufetubi (IceCv)
  2 oozes
  An adder zombie (D:9)
  An adder skeleton (D:4)
  2 worms
  3 dart slugs
  3 leopard geckos
  106 orcs
  6 bats
  2 bat zombies (D:4)
  4 giant cockroaches
  8 goblins
  5 hobgoblins
  17 jackals
  10 kobolds
  A ball python (D:6)
  2 ball python zombies
  4 frilled lizards
  A jackal skeleton (D:6)
  2 leopard gecko skeletons
  A quokka skeleton (D:9)
  5 rats
  A rat zombie (D:4)
  5 fungi
  40 plants
  3 tentacles (Shoals:3)
1149 creatures vanquished.

Vanquished Creatures (collateral kills)
  The ghost of Neucoug the Severer, a journeyman DDFi of Makhleb (Orc:1)
  3 hydras
  A catoblepas (Lair:4)
  2 death knights
  A centaur warrior (D:12)
  A two-headed ogre (D:12)
  A tengu warrior (D:14)
  Urug (Lair:5)
  A skeletal warrior (D:15)
  A cyclops (D:15)
  2 ugly things
  3 elephants (Lair:5)
  A black mamba (Lair:6)
  Psyche (D:10)
  6 spiny frogs
  A komodo dragon (Lair:6)
  A polar bear (Lair:4)
  A tyrant leech (Lair:6)
  A jumping spider (Lair:2)
  Grinder (D:6)
  9 blink frogs
  5 slime creatures (D:12)
  A hippogriff (Lair:3)
  A wyvern (D:15)
  A redback (Lair:2)
  18 yaks
  A hog (Lair:6)
  A wraith (D:13)
  A water moccasin (Lair:1)
  A porcupine (Lair:2)
  5 ice beasts
  An ogre (D:9)
  A wolf (Lair:3)
  A crocodile (Lair:5)
  4 bullfrogs (Lair:6)
  A scorpion (D:12)
  6 killer bees
  2 orc wizards
  A worker ant zombie (D:10)
  A nameless horror (D:7)
  3 orcs
  4 jackals
100 creatures vanquished.

Vanquished Creatures (others)
  A vault guard (D:14)
  4 humans (Lair:6)
  31 bushes (D:15)
  30 fungi
  51 plants
  A tentacle (Shoals:3)
  10 withered plants (D:15)
128 creatures vanquished.

Grand Total: 1377 creatures vanquished

Notes
Turn   | Place    | Note
-------+----------+-------------------------------------------
     0 | D:1      | gruber the Octopode Ice Elementalist began the quest for
                  | the Orb.
     0 | D:1      | Reached XP level 1. HP: 11/11 MP: 3/3
   551 | D:1      | Reached XP level 2. HP: 5/17 MP: 3/5
  1815 | D:1      | Reached XP level 3. HP: 15/21 MP: 6/6
  1820 | D:1      | Learned a level 3 spell: Frozen Ramparts
  2204 | D:2      | Noticed a scorpion
  2268 | D:2      | Reached skill level 5 in Ice Magic
  2896 | D:2      | Reached XP level 4. HP: 27/27 MP: 7/7
  3248 | D:2      | Found a hide-covered altar of Uskayaw.
  3503 | D:3      | Found a faded altar of an unknown god.
  3519 | D:3      | Reached skill level 6 in Ice Magic
  3815 | D:3      | Noticed Ijyb
  3823 | D:3      | Reached XP level 5. HP: 27/31 MP: 4/8
  3825 | D:3      | Killed Ijyb
  4285 | D:4      | Reached skill level 7 in Ice Magic
  4543 | D:4      | Reached XP level 6. HP: 35/36 MP: 9/9
  5009 | D:4      | Found an ancient bone altar of Kikubaaqudgha.
  5488 | D:5      | Entered Level 5 of the Dungeon
  5601 | D:5      | Found a staircase to the Ecumenical Temple.
  5788 | D:5      | Reached skill level 8 in Ice Magic
  5920 | D:5      | Noticed Sigmund
  5926 | D:5      | Killed Sigmund
  5926 | D:5      | Reached XP level 7. HP: 30/41 MP: 6/12
  5927 | D:5      | Found a hazy altar of Hepliaklqana.
  6697 | D:6      | Noticed Blork the orc
  6702 | D:6      | Killed Blork the orc
  6788 | D:6      | Reached skill level 5 in Spellcasting
  6892 | D:6      | Learned a level 4 spell: Hailstorm
  6897 | D:6      | Learned a level 4 spell: Summon Ice Beast
  6932 | D:6      | Learned a level 3 spell: Ozocubu's Armour
  7000 | D:6      | Reached XP level 8. HP: 17/46 MP: 10/15
  7485 | D:6      | Noticed Grinder
  7495 | D:6      | Paralysed by Grinder for 3 turns
  7514 | D:6      | Killed Grinder
  7776 | D:7      | Reached skill level 1 in Conjurations
  7776 | D:7      | Reached skill level 1 in Charms
  7776 | D:7      | Reached skill level 1 in Summonings
  8488 | D:8      | Reached XP level 9. HP: 47/51 MP: 12/16
  8770 | D:8      | Found a staircase to the Lair.
  8782 | D:8      | Noticed Joseph
  8790 | D:8      | Killed Joseph
  8947 | D:8      | Found a basalt altar of Yredelemnul.
  8965 | D:8      | Reached skill level 1 in Fighting
  9478 | D:8      | Found an iron altar of Okawaru.
  9480 | D:8      | Found a shimmering altar of Xom.
 10021 | D:7      | Reached skill level 5 in Fighting
 10108 | D:7      | Found a bloodstained altar of Trog.
 10339 | D:9      | Found a staircase to the Orcish Mines.
 10530 | D:9      | Found Guimaob's Armour Emporium.
 10872 | D:9      | Noticed a two-headed ogre
 10884 | D:9      | Reached XP level 10. HP: 71/71 MP: 12/17
 10884 | D:9      | Killed a two-headed ogre
 11238 | D:9      | Reached skill level 5 in Dodging
 11551 | D:9      | Found a glowing golden altar of the Shining One.
 11826 | D:10     | Entered Level 10 of the Dungeon
 11882 | D:10     | Found a runed translucent door.
 12108 | D:10     | Found a runed translucent door.
 12152 | D:10     | Noticed Psyche
 12164 | D:10     | Killed Psyche
 12663 | D:10     | Reached skill level 5 in Stealth
 12743 | D:10     | Noticed a necromancer
 12745 | D:10     | Noticed okrk's ghost (novice MiFi)
 12746 | D:10     | Noticed a fire dragon
 12747 | D:10     | Noticed a lich
 12769 | D:10     | Noticed a skeletal warrior
 12892 | Lair:1   | Entered Level 1 of the Lair of Beasts
 12968 | Lair:1   | Noticed a spiny frog
 12973 | Lair:1   | Noticed a spiny frog
 12979 | Lair:1   | Killed a spiny frog
 12983 | Lair:1   | Killed a spiny frog
 12983 | Lair:1   | Reached XP level 11. HP: 65/77 MP: 11/18
 13222 | Lair:1   | Reached skill level 10 in Stealth
 13435 | Temple   | Entered the Ecumenical Temple
 13544 | Temple   | Became a worshipper of Vehumet
 13775 | Lair:1   | Found a bloodstained altar of Trog.
 14570 | Lair:2   | Noticed a six-headed hydra
 14577 | Lair:2   | Killed a six-headed hydra
 14635 | Lair:2   | Noticed a death yak
 14637 | Lair:2   | Noticed a death yak
 14637 | Lair:2   | Noticed a death yak
 14649 | Lair:2   | Killed a death yak
 14649 | Lair:2   | Killed a death yak
 14650 | Lair:2   | Killed a death yak
 14650 | Lair:2   | Reached * piety under Vehumet
 14650 | Lair:2   | Offered knowledge of Foxfire by Vehumet.
 14671 | Lair:2   | Reached skill level 15 in Stealth
 14748 | Lair:2   | Reached XP level 12. HP: 8/82 MP: 19/19
 14799 | Lair:2   | Found a dark tunnel.
 14885 | Volcano  | Entered a volcano
 15149 | Volcano  | Noticed a hell knight
 15182 | Volcano  | Killed a hell knight
 15182 | Volcano  | Reached skill level 9 in Ice Magic
 15350 | Volcano  | Noticed a sun demon
 15357 | Volcano  | Killed a sun demon
 15723 | Lair:2   | Found a hole to the Spider Nest.
 15764 | Lair:2   | Reached skill level 10 in Ice Magic
 16581 | Lair:3   | Reached ** piety under Vehumet
 16581 | Lair:3   | Offered knowledge of Magic Dart by Vehumet.
 16625 | Lair:3   | Reached skill level 11 in Ice Magic
 17044 | Lair:3   | Found a staircase to the Shoals.
 17764 | Lair:4   | Reached skill level 12 in Ice Magic
 17893 | Lair:4   | Noticed a catoblepas
 17905 | Lair:4   | Killed a catoblepas
 17909 | Lair:4   | Offered knowledge of Stone Arrow by Vehumet.
 18075 | Lair:4   | Reached XP level 13. HP: 67/88 MP: 20/20
 18171 | Lair:4   | HP: 2/88 [black mamba (13)]
 18177 | Lair:4   | Reached *** piety under Vehumet
 18669 | Lair:4   | Learned a level 3 spell: Stone Arrow
 18951 | Lair:4   | Reached skill level 13 in Ice Magic
 18971 | Lair:4   | Reached skill level 1 in Earth Magic
 20426 | Lair:5   | Offered knowledge of Fulminant Prism by Vehumet.
 20462 | Lair:5   | Noticed Urug
 20741 | Lair:5   | Reached skill level 5 in Earth Magic
 20763 | Lair:5   | Found a viscous altar of Jiyva.
 20763 | Lair:5   | Found a staircase to the Slime Pits.
 20884 | Lair:5   | Found a glowing silver altar of Zin.
 21430 | Lair:5   | Reached skill level 5 in Conjurations
 21459 | Lair:5   | Killed Urug
 21760 | Lair:5   | Identified 3 scrolls of acquirement
 21760 | Lair:5   | Acquired the ring of Tomme {rF+ rC+ Str+3 Stlth+}
 21765 | Lair:5   | Acquired the ring "Jecehooly" {rC+ Int+6 Dex+6 Stlth-}
 21770 | Lair:5   | Acquired a +1 hat of intelligence
 22199 | Lair:5   | Reached skill level 1 in Axes
 22278 | Lair:6   | Entered Level 6 of the Lair of Beasts
 22325 | Lair:6   | Reached **** piety under Vehumet
 22348 | Lair:6   | Offered knowledge of Bolt of Magma by Vehumet.
 22566 | Lair:6   | Reached skill level 5 in Axes
 23063 | Lair:6   | Noticed Kirke
 23068 | Lair:6   | Killed Kirke
 23068 | Lair:6   | Reached XP level 14. HP: 93/94 MP: 7/23
 23184 | Lair:6   | Learned a level 5 spell: Bolt of Magma
 24007 | Lair:6   | Reached skill level 1 in Fire Magic
 25302 | D:11     | Reached ***** piety under Vehumet
 25356 | D:11     | Offered knowledge of Lee's Rapid Deconstruction by Vehumet.
 26350 | D:11     | Reached skill level 1 in Shields
 27989 | D:12     | Reached skill level 5 in Shields
 30250 | D:13     | Offered knowledge of Yara's Violent Unravelling by Vehumet.
 31556 | D:14     | Reached XP level 15. HP: 99/99 MP: 20/27
 31958 | D:14     | Found a gate to the Vaults.
 32013 | D:14     | Reached skill level 10 in Shields
 32322 | D:15     | Entered Level 15 of the Dungeon
 33156 | D:15     | Found a runed translucent door.
 33705 | D:15     | Offered knowledge of Ozocubu's Refrigeration by Vehumet.
 34239 | D:15     | Found a staircase to the Depths.
 35774 | D:15     | Learned a level 6 spell: Ozocubu's Refrigeration
 36171 | Orc:1    | Entered Level 1 of the Orcish Mines
 36442 | Orc:2    | Entered Level 2 of the Orcish Mines
 36539 | Orc:2    | Found a staircase to the Elven Halls.
 37134 | Orc:2    | Offered knowledge of Freezing Cloud by Vehumet.
 37135 | Orc:2    | Noticed an orc warlord
 37145 | Orc:2    | Killed an orc warlord
 37145 | Orc:2    | Reached XP level 16. HP: 47/105 MP: 28/28
 37671 | Orc:2    | Found Dezus's Antique Armour Shoppe.
 37672 | Orc:2    | Found Extuytet's Antique Weapon Emporium.
 37673 | Orc:2    | Found Lafec's General Store.
 37673 | Orc:2    | Found Egur's Book Shoppe.
 37677 | Orc:2    | Bought a scroll of enchant armour for 105 gold pieces
 38136 | Orc:1    | Found a transporter.
 38139 | Orc:1    | Noticed Neucoug's ghost (journeyman DDFi)
 38144 | Orc:1    | Identified the cursed +0 great mace of Laceration {vorpal,
                  | rElec rF+ Str+6 Int-3}
 38304 | Orc:1    | Found a transporter.
 38342 | Orc:1    | Reached skill level 10 in Spellcasting
 38348 | Orc:1    | Killed Neucoug's ghost
 38787 | D:15     | Identified the Guide on Arcane Weapons and Aid
 38790 | D:15     | Identified Yzxit's Papyrus of Ice and Arcane Weapons
 39490 | Spider:1 | Entered Level 1 of the Spider Nest
 39499 | Spider:1 | Offered knowledge of Orb of Destruction by Vehumet.
 39870 | Spider:1 | Noticed Roxanne
 40023 | Shoals:1 | Entered Level 1 of the Shoals
 42847 | Shoals:3 | Noticed Ilsuiw
 42854 | Shoals:3 | Killed Ilsuiw
 42854 | Shoals:3 | Reached XP level 17. HP: 90/109 MP: 8/33
 43422 | Shoals:3 | Noticed a kraken
 43429 | Shoals:3 | Killed a kraken
 43664 | Shoals:4 | Entered Level 4 of the Shoals
 44167 | Shoals:4 | Found a basalt altar of Yredelemnul.
 44179 | Shoals:4 | Found Ydey's Food Shop.
 44340 | Shoals:4 | Got a polished hand axe
 44341 | Shoals:4 | Identified the +10 hand axe of Jaikuot {elec, rPois Str+3}
                  | (You found it on level 4 of the Shoals)
 44670 | Shoals:4 | Reached skill level 14 in Ice Magic
 44765 | Shoals:4 | Got a barnacled rune of Zot
 44863 | Shoals:4 | Offered knowledge of Spellforged Servitor by Vehumet.
 44919 | Shoals:4 | Identified Sif Muna's Collected Works on Sinister Clay
 46673 | Spider:1 | Reached skill level 15 in Ice Magic
 46996 | Spider:1 | Reached XP level 18. HP: 116/116 MP: 36/36
 47800 | Spider:2 | Offered knowledge of Iron Shot by Vehumet.
 48391 | Spider:2 | Reached skill level 16 in Ice Magic
 49375 | Spider:3 | Found a frozen archway.
 49515 | IceCv    | Entered an ice cave
 49523 | IceCv    | Learned a level 6 spell: Iron Shot
 50487 | IceCv    | Reached ****** piety under Vehumet
 50487 | IceCv    | Offered knowledge of Lehudib's Crystal Spear by Vehumet.
 50487 | IceCv    | Offered knowledge of Fire Storm by Vehumet.
 50487 | IceCv    | Offered knowledge of Absolute Zero by Vehumet.
 51390 | Spider:3 | Reached skill level 17 in Ice Magic
 51614 | Spider:3 | Noticed Agnes
 51620 | Spider:3 | Killed Agnes
 52204 | Spider:4 | Entered Level 4 of the Spider Nest
 53530 | Vaults:1 | Entered Level 1 of the Vaults
 53580 | Depths:1 | Entered Level 1 of the Depths
 53647 | Depths:1 | Reached skill level 18 in Ice Magic
 53715 | Depths:1 | Noticed the Enchantress
 53721 | Depths:1 | Demolished by a spriggan defender

Illustrated notes

Levels and vault maps discovered:
D:1:      erik_arrival_cave_to_civilisation [erik_arrival_cave_to_hall],
          layout_basic, minivault_14, nrook_campfire, minmay_misc_feat_rugged,
          chequers_hall_statues_wall_a
D:2:      layout_rooms, lemuel_round_altar
D:3:      layout_rooms, serial_undead, serial_undead_b, serial_undead_d,
          serial_undead_a, serial_undead_f, serial_undead_d, serial_undead_a,
          serial_undead_e, chequers_ecumenical_altar_simple, uniq_ijyb
D:4:      layout_gridville, lemuel_zombie_altar_kikubaaqudgha
D:5:      layout_loops_ring, overflow_temple_1_default,
          minmay_temple_entry_junction, first_ration, uniq_sigmund
D:6:      cheibrodos_helix_gallery, layout_loops_ring, uniq_blork_the_orc,
          uniq_grinder
D:7:      layout_basic, bloody_trog
D:8:      layout_layer_cave, old_standard_altar, grunt_temple_overflow_open,
          lair_entry_dummy, uniq_joseph
D:9:      layout_irregular_city, tso_altar, orc_david_3, minmay_joined_circles
D:10:     layout_roguey, muffindrake_ghost_dual_entry, uniq_psyche
D:11:     layout_irregular_city
D:12:     layout_basic
D:13:     layout_small_grid, david_nohive_1
D:14:     layout_cave_pods, ximxim_vaults_locker_room
D:15:     gammafunk_depths_entry_grave, layout_stronghold, serial_park_square1
          [serial_park_minivault_5x5_8], minmay_st_funbox,
          chequers_serial_rivers_micro_b, chequers_serial_rivers_micro_b
Temple:   minmay_temple_curvy_branch
Lair:1:   layout_chaotic_city, minivault_19, lemuel_centaur_altar,
          grunt_megastairs_1
Lair:2:   layout_hall_layers, spider_nest_entry_a,
          lightli_volcano_entry_magma_tube, beast_lair_carwin_5,
          grunt_megastairs_3
Lair:3:   layout_chaotic_city, minmay_shoals_entry_centaurs, minivault_19
Lair:4:   layout_small_grid, st_stairs_12, kilobyte_rumbling_trees
Lair:5:   layout_regular_city, slime_altar_1, basic_altar,
          minmay_shattered_shrine, lemuel_fruit_tree, grunt_megastairs_4,
          uniq_urug
Lair:6:   minmay_lair_end_frog_pond, layout_small_grid,
          grunt_forest_small_clearings, uniq_kirke
Shoals:1: layout_shoals
Shoals:2: layout_shoals, dpeg_stationary_puzzle
Shoals:3: layout_shoals, uniq_ilsuiw
Shoals:4: shoals_end_simple, layout_shoals, serial_shops, shop_fountains,
          lemuel_altar_in_water
Spider:1: layout_chambers, uniq_roxanne
Spider:2: layout_spider_delve
Spider:3: layout_spider_delve, portal_ice_cave_entry_frozen_things, drop_trap,
          uniq_agnes
Spider:4: grunt_spider_rune_circles
Orc:1:    layout_diamond_mine, gammafunk_ghost_smash, guppyfry_orc_lava_fort
Orc:2:    st_orc_congregation, layout_caves
Vaults:1: nicolae_vaults_big_ls, ontoclasm_vaults_ring_square,
          nicolae_vaults_three_branches, v_misc_3, grunt_vaults_hallway_short,
          vaults_standard_mumra_enter_the_diamond, vaults_room_guarded_vault,
          hangedman_vaults_stagger, vaults_room_fours, layout_vaults_omnigrid,
          serial_shops, shop_coins, shop
Depths:1: layout_roguey, enter_ziggurat_c, hellmouth_1,
          nicolae_abyss_entry_one_way_or_another, enter_trove_1,
          chequers_serial_rivers_micro_a, hex_medium, minmay_misc_feat_pillars,
          minmay_hidden_floor, serial_bayou_shore_b, uniq_enchantress

Skill      XL: |  1  2  3  4  5  6  7  8  9 10 11 12 13 14 15 16 17 18 |
---------------+-------------------------------------------------------+-----
Ice Magic      | 5 6 7 8 12 13 15 18 | 18.1
Spellcasting   | 3 5 6 8 12 14 | 14.1
Dodging        | 4 7 |  7.0
Conjurations   | 2 3 5 |  5.4
Charms         | 2 3 |  3.2
Summonings     | 2 3 |  3.2
Short Blades   | 3 |  3.3
Fighting       | 7 8 |  8.1
Stealth        | 8 15 | 15.3
Earth Magic    | 5 9 |  9.2
Axes           | 6 |  6.0
Fire Magic     | 3 |  3.6
Shields        | 9 12 | 12.0

Action                   |  1- 3 |  4- 6 |  7- 9 | 10-12 | 13-15 | 16-18 || total
-------------------------+-------+-------+-------+-------+-------+-------++-------
Melee: Unarmed           |    70 |    30 |       |       |       |       ||   100
       Constrict         |    18 |    31 |    35 |    33 |    60 |    90 ||   267
       Tentacles         |    14 |    20 |    42 |    42 |   100 |   140 ||   358
       Trident           |       |    90 |    64 |    66 |    57 |       ||   277
       Short sword       |       |       |    44 |       |       |       ||    44
       Spear             |       |       |    40 |       |       |       ||    40
       Dagger            |       |       |    23 |   108 |       |       ||   131
       Broad axe         |       |       |       |       |   327 |   125 ||   452
       Hand axe          |       |       |       |       |       |   186 ||   186
Throw: Javelin           |       |       |     5 |       |       |       ||     5
 Cast: Freeze            |     5 |       |     7 |    36 |    42 |       ||    90
       Frozen Ramparts   |     3 |    17 |    25 |    55 |    98 |    26 ||   224
       Summon Ice Beast  |       |       |    15 |    45 |   107 |    11 ||   178
       Hailstorm         |       |       |       |    43 |    75 |       ||   118
       Ozocubu's Armour  |       |       |       |     4 |    13 |     3 ||    20
       Bolt of Magma     |       |       |       |       |    73 |   105 ||   178
       Stone Arrow       |       |       |       |       |    37 |     3 ||    40
       Ozocubu's Refrige |       |       |       |       |    19 |   219 ||   238
Evoke: Wand              |       |       |       |       |     1 |       ||     1
  Use: Scroll            |       |       |    11 |       |    26 |     7 ||    44
       Potion            |       |       |       |     1 |     4 |       ||     5
 Stab: Sleeping          |    11 |     4 |    10 |    13 |    24 |    37 ||    99
       Distracted        |       |       |     3 |     2 |     5 |     4 ||    14
  Eat: Chunk             |     5 |    13 |    16 |    28 |    56 |    64 ||   182
       Ration            |       |       |     1 |     3 |     9 |     4 ||    17
Armor: Skin              |     3 |    16 |    23 |    16 |    49 |    34 ||   141
Dodge: Dodged            |    30 |    97 |   115 |   209 |   400 |   237 ||  1088
Block: Kite shield       |       |       |       |       |   101 |   282 ||   383
